cohdb
Replays
Latest Replays
All Replays
Popular Replays
Top Player Replays
Match Explorer
How It Works
Community
CoH3 Stats
Reddit
Sign in to upload your games and track your stats! →
Sign in with Steam
Match 42063485
Unlisted
Match 42063485
Overview
Messages
Build Orders
End
Royal Engineer Section
Royal Engineer Section
Selects Australian Defense Battlegroup
Selects Australian Light Infantry Section
Vickers Machine Gun Team
Australian Light Infantry Section
Construct Field Infirmary
Construct Section Command Post
ML 3-inch Mortar Team
Selects 2-pounder Anti-tank Gun Team
2-pounder Anti-tank Gun Team
Nostalgi@
KoRneY
0
0
Comments
sign in to comment!
No comments posted yet!